Map: Overgrown Facility

Players

NoWeekness

  • Race: Terran Terran
  • League: Diamond
  • Spawn Location: 1:00

vuasantuong

  • Race: Terran Terran
  • Spawn Location: 3:00

MonstroTown

  • Race: Terran Terran
  • Spawn Location: 7:00

Michael

  • Race: Zerg Zerg
  • League: Gold
  • Spawn Location: 9:00

VOD

Have the link to the VOD?

Description

Time

  • Played on: Sept. 15, 2018, 11:18 p.m.
  • Length: 13:52
Show
View Real Time Build Order
Export as new Build Order

NoWeekness Terran 

Build Orders:  

Get SALT Encoding   

  12  0:03  SCV  
  13  0:15  SCV  
  13  0:20  Supply Depot  
  14  0:27  SCV  
  15  0:30  Refinery  
  15  0:41  SCV  
  16  0:48  Barracks  
  16  0:53  SCV  
  17  1:05  SCV  
  18  1:18  SCV  
  19  1:30  SCV  
  20  1:36  Reaper  
  20  1:39  Supply Depot  
  21  1:42  Orbital Command  
  21  2:09  SCV  
  21  2:14  Command Center  
  22  2:25  Marine  
  22  2:29  SCV  
  24  2:32  Refinery  
  24  2:37  Factory  
  24  2:43  Marine  
  24  3:05  SCV  
  24  3:11  Marine  
  26  3:17  SCV  
  27  3:27  Cyclone  
  27  3:29  Marine  
  27  3:30  SCV  
  27  3:31  Orbital Command  
  32  3:40  Factory  
  32  3:42  SCV  
  33  3:54  SCV  
  34  4:04  Factory Tech Lab  
  34  4:06  SCV  
  35  4:13  SCV  
  35  4:16  Refinery  
  36  4:18  SCV  
  36  4:23  Siege Tank  
  40  4:24  Marine  
  40  4:25  SCV  
  40  4:26  Factory Reactor  
  40  4:29  Starport  
  40  4:30  SCV  
  43  4:33  Supply Depot  
  43  4:34  Armory  
  43  4:37  SCV  
  43  4:42  SCV, Marine  
  45  4:49  SCV  
  46  4:54  SCV  
  46  4:56  Supply Depot  
  47  5:00  Siege Tank  
  47  5:06  Widow Mine  
  54  5:07  Widow Mine  
  54  5:17  Viking  
  54  5:18  Supply Depot, SCV x2  
  58  5:21  Engineering Bay  
  58  5:23  Terran Vehicle Weapons Level 1  
  58  5:30  Refinery, SCV x2  
  58  5:31  Hellbat  
  62  5:40  Hellbat  
  62  5:42  SCV  
  65  5:48  Viking  
  67  5:50  SCV  
  67  5:54  SCV, Barracks Reactor  
  69  5:57  Supply Depot  
  69  5:59  Supply Depot  
  69  6:03  SCV  
  70  6:18  Siege Tank, SCV  
  70  6:19  Hellbat x2  
  70  6:20  Command Center  
  70  6:21  SCV  
  79  6:37  SCV x2  
  79  6:39  Supply Depot  
  81  6:44  Supply Depot  
  85  6:48  Medivac x2  
  85  6:49  SCV  
  86  7:01  Siege Tank, SCV, Hellbat x2  
  95  7:15  SCV x2  
  100  7:22  Hellbat x2  
  100  7:25  Viking  
  102  7:31  Viking  
  102  7:32  SCV x2  
  102  7:33  Siege Tank  
  109  7:44  SCV  
  110  7:47  Hellbat  
  112  7:52  Terran Vehicle Weapons Level 2  
  112  7:55  Viking  
  112  7:56  Supply Depot  
  114  8:01  Viking  
  114  8:02  Hellbat  
  114  8:05  Siege Tank  
  121  8:09  Hellbat  
  121  8:11  Factory  
  121  8:12  Factory  
  123  8:13  SCV x2  
  125  8:23  Orbital Command  
  125  8:24  Hellbat  
  125  8:25  SCV  
  128  8:30  Medivac  
  128  8:31  Medivac  
  132  8:37  Siege Tank, Infernal Pre-Igniter  
  135  8:42  SCV x2  
  137  8:48  Supply Depot  
  137  8:54  Missile Turret, SCV x2  
  139  9:00  Refinery  
  139  9:01  Factory Tech Lab x2  
  139  9:10  Siege Tank  
  139  9:14  Refinery  
  139  9:15  Missile Turret  
  142  9:19  Hellbat x3  
  148  9:34  Missile Turret  
  148  9:41  Supply Depot  
  148  9:42  Siege Tank x3, Hellbat x2  
  161  9:50  Viking x2  
  165  9:59  Missile Turret  
  165  10:03  Hellbat x2  
  171  10:14  Hellbat  
  171  10:15  Hellbat  
  171  10:18  Siege Tank  
  170  10:25  Hellbat x2  
  162  10:34  Viking  
  162  10:35  Siege Tank, Viking  
  169  10:36  Siege Tank  
  169  10:40  Command Center  
  172  10:55  Siege Tank  
  173  11:05  Terran Vehicle Weapons Level 3  
  173  11:09  Supply Depot  
  173  11:11  Armory  
  173  11:16  Command Center  
  173  11:30  Thor  
  173  11:31  Hellbat  
  181  11:48  Hellbat  
  181  11:51  Siege Tank, Thor  
  181  11:52  Hellbat  
  183  12:09  Hellbat  
  183  12:13  Siege Tank, Hellbat  
  177  12:22  Viking x2  
  179  12:24  Siege Tank  
  179  12:26  Starport  
  179  12:27  Armory  
  182  12:30  Hellbat  
  182  12:34  Siege Tank  
  182  12:35  Widow Mine  
  189  12:46  Widow Mine  
  189  12:52  Hellbat  
  189  12:56  Siege Tank, Hellbat  
  192  13:06  Siege Tank  
  192  13:07  Siege Tank  
  175  13:15  Planetary Fortress  
  155  13:30  Starport Reactor  
  155  13:34  Starport  
Show
View Real Time Build Order
Export as new Build Order

vuasantuong Terran 

Build Orders:  

Get SALT Encoding   

  12  0:10  SCV  
  13  0:19  Supply Depot  
  13  0:23  SCV  
  14  0:35  SCV  
  15  0:42  Barracks  
  15  0:46  Refinery  
  15  0:48  SCV  
  16  0:56  Refinery  
  16  1:00  SCV  
  17  1:12  SCV  
  18  1:24  SCV  
  19  1:32  Supply Depot, Marine  
  20  1:36  SCV  
  21  1:42  Factory  
  21  1:48  SCV  
  21  1:49  Marine  
  23  2:00  SCV  
  24  2:10  Marine  
  24  2:12  SCV  
  26  2:25  Factory Tech Lab  
  26  2:27  SCV  
  27  2:43  Command Center  
  28  2:50  Siege Tank  
  30  2:57  Supply Depot  
  30  3:00  Marine  
  31  3:14  Starport  
  31  3:19  Marine  
  32  3:27  Supply Depot, SCV  
  33  3:37  Barracks Reactor  
  34  3:45  Orbital Command  
  33  3:56  Starport Reactor  
  33  3:58  Barracks  
  33  4:00  SCV  
  34  4:15  SCV  
  35  4:21  SCV  
  35  4:22  Barracks  
  36  4:27  SCV  
  37  4:33  Medivac x2  
  37  4:36  Marine x2  
  43  4:39  SCV  
  45  4:55  Barracks Tech Lab  
  45  4:56  Marine x2  
  45  4:58  SCV  
  47  5:08  Siege Tank  
  47  5:10  SCV, Command Center  
  47  5:11  Barracks Reactor  
  51  5:17  Stimpack  
  51  5:27  Marine x2  
  51  5:28  Marine  
  54  5:30  SCV  
  54  5:32  SCV  
  56  5:42  SCV  
  57  5:45  Marine x3  
  57  5:48  Medivac  
  62  5:59  Supply Depot  
  62  6:20  SCV x2, Marine x3  
  67  6:30  Supply Depot  
  67  6:31  Marine x2  
  67  6:32  SCV x2, Medivac  
  67  6:38  SCV, Marine  
  71  6:45  SCV  
  72  6:48  Engineering Bay  
  72  6:49  SCV  
  72  6:50  SCV  
  72  6:51  Refinery  
  72  6:52  Refinery  
  74  6:55  Supply Depot  
  74  7:11  Bunker  
  74  7:20  SCV  
  74  7:21  Marine x5  
  78  7:32  SCV  
  79  7:37  Siege Tank  
  79  7:38  Marine  
  79  7:39  Marine x4  
  79  7:44  SCV  
  88  7:56  Marine x3  
  88  7:57  Marine  
  86  8:07  SCV  
  86  8:08  Supply Depot  
  86  8:10  Marine  
  88  8:13  Siege Tank  
  88  8:14  Marine x2  
  88  8:17  Starport  
  93  8:20  Armory, Terran Infantry Weapons Level 1  
  93  8:25  Fusion Core  
  93  8:27  Starport  
  93  8:29  SCV, Marine x3  
  93  8:30  Starport  
  93  8:32  Marine  
  100  8:34  SCV  
  100  8:37  Refinery  
  100  8:38  Refinery  
  99  8:41  SCV  
  99  8:44  Missile Turret  
  99  8:46  SCV  
  78  9:06  Marine x3  
  73  9:23  Marine x2  
  73  9:24  Marine x2  
  71  9:26  Marine  
  70  9:37  Starport Tech Lab  
  70  9:41  Starport Tech Lab, Marine  
  70  9:43  Starport Tech Lab  
  70  9:44  Command Center  
  70  9:45  Armory, Terran Vehicle And Ship Armor Level 1  
  71  9:47  Weapon Refit  
  71  9:50  Barracks, Marine x4  
  75  9:59  Marine  
  76  10:00  Refinery  
  76  10:02  SCV  
  76  10:04  SCV  
  78  10:14  Terran Infantry Armor Level 1  
  78  10:24  SCV x2  
  78  10:29  Command Center  
  78  10:56  Battlecruiser x2  
  91  11:03  Siege Tank, Orbital Command  
  93  11:29  Terran Ship Weapons Level 1  
  93  11:35  Supply Depot  
  93  11:37  Supply Depot  
  93  11:40  Battlecruiser  
  99  11:54  Supply Depot x2  
  99  12:00  Battlecruiser x2  
  111  12:01  Planetary Fortress  
  111  12:09  Supply Depot  
  111  12:16  Refinery  
  105  12:45  Battlecruiser  
  109  13:03  Supply Depot  
  115  13:34  Refinery  
  115  13:36  Refinery  
  115  13:48  Supply Depot  
Show
View Real Time Build Order
Export as new Build Order

MonstroTown Terran 

Build Orders: Reaper Expand 

Get SALT Encoding   

  12  0:01  SCV  
  13  0:16  Supply Depot  
  13  0:18  SCV  
  14  0:30  SCV  
  15  0:42  Barracks  
  15  0:43  SCV  
  16  0:51  Refinery  
  16  0:55  SCV  
  17  1:07  SCV  
  18  1:19  SCV  
  19  1:32  Orbital Command  
  19  1:33  Reaper  
  20  1:47  Command Center  
  20  1:56  Refinery  
  20  1:59  SCV  
  21  2:29  SCV  
  22  2:31  Barracks Reactor  
  22  2:33  Factory  
  22  2:35  Barracks  
  22  2:36  Supply Depot  
  20  2:41  SCV  
  18  3:01  SCV  
  18  3:10  Marine  
  18  3:11  Marine  
  20  3:13  SCV  
  21  3:23  Engineering Bay, Barracks  
  21  3:28  Marine  
  21  3:30  SCV  
  21  3:31  Orbital Command  
  23  3:35  Factory Tech Lab  
  23  3:54  Terran Infantry Weapons Level 1  
  23  3:55  Barracks Reactor  
  23  3:58  SCV x2  
  24  4:07  Marine  
  25  4:10  SCV x2  
  25  4:11  Barracks Tech Lab  
  27  4:19  Engineering Bay  
  27  4:22  SCV x2  
  29  4:26  Missile Turret  
  29  4:34  Siege Tank  
  29  4:36  Stimpack  
  32  4:40  SCV  
  32  4:43  SCV  
  34  4:48  Terran Infantry Armor Level 1  
  34  4:49  Marine  
  34  4:52  SCV  
  36  4:56  SCV  
  36  4:58  Marine x3  
  40  5:10  Marine  
  40  5:12  Siege Tank  
  44  5:14  SCV x2  
  44  5:15  Supply Depot  
  44  5:19  Marine x2  
  48  5:33  Missile Turret  
  48  5:35  Supply Depot  
  48  5:36  Refinery  
  48  5:42  SCV x2  
  50  5:44  Starport  
  50  5:49  Bunker  
  50  5:53  Marine  
  50  5:54  Marine x2  
  53  6:08  Armory  
  49  6:35  SCV x2, Marine x4  
  49  6:36  Marine  
  56  6:43  Medivac  
  58  6:51  Supply Depot  
  58  6:53  Marine x4  
  62  6:56  Missile Turret  
  62  7:00  Marine  
  63  7:02  Missile Turret  
  63  7:10  Marine  
  64  7:32  Marine x2  
  64  7:33  Marine x3  
  69  7:50  Marine x3  
  69  7:51  Marine x2  
  56  8:08  Marine x5  
  56  8:09  Command Center  
  61  8:26  Marine x2  
  63  8:27  Terran Infantry Weapons Level 2, Barracks  
  63  8:29  Barracks x2  
  63  8:32  Supply Depot  
  62  8:43  Marine x3  
  60  9:12  Marine x4  
  60  9:13  Marine  
  64  9:25  Barracks Reactor x2  
  64  9:26  Barracks Reactor  
  64  9:30  Marine x4  
  54  9:32  Orbital Command, Marine  
  48  9:46  Starport Reactor  
  48  9:47  Marine  
  48  9:48  Marine  
  50  9:55  Missile Turret, SCV  
  50  9:56  SCV  
  52  10:08  SCV x2  
  53  10:14  Marine x3  
  47  10:23  Marine x2  
  47  10:24  Marine x3  
  46  10:32  Marine x2  
  43  10:41  Marine  
  44  10:43  Marine  
  44  10:48  Command Center  
  40  10:56  Marine x2  
  28  10:59  Marine  
  24  11:17  Marine  
  12  11:35  Marine  
  6  12:05  Orbital Command  
  6  12:32  SCV  
  7  12:51  Refinery, SCV  
  8  13:03  SCV  
  9  13:06  Refinery  
  9  13:37  SCV  
  10  13:49  Barracks  
  10  13:50  Barracks  
  10  13:52  Barracks  
Show
View Real Time Build Order
Export as new Build Order

Michael Zerg 

Build Orders: Pool First 

Get SALT Encoding   

  12  0:01  Drone  
  13  0:13  Overlord  
  13  0:18  Drone  
  14  0:31  Drone x2  
  14  0:35  Drone  
  17  0:38  Extractor  
  16  0:45  Drone  
  17  0:55  Spawning Pool  
  16  0:58  Drone  
  17  1:07  Drone  
  18  1:18  Drone  
  19  1:30  Hatchery  
  18  1:33  Drone  
  19  1:44  Queen  
  21  1:52  Overlord  
  21  1:56  Drone  
  22  2:02  Metabolic Boost  
  22  2:10  Zergling x2  
  22  2:13  Zergling x2  
  24  2:20  Queen  
  26  2:38  Extractor  
  26  2:39  Zergling x4  
  26  3:01  Drone x6  
  32  3:11  Zergling x2  
  32  3:12  Zergling x2  
  34  3:17  Drone x2  
  36  3:32  Overlord x2  
  36  3:36  Roach Warren  
  36  3:38  Evolution Chamber  
  36  3:40  Lair  
  34  3:45  Drone x2  
  36  3:50  Drone x2  
  36  3:52  Drone  
  38  4:10  Drone  
  38  4:11  Drone x5  
  38  4:16  Queen  
  46  4:32  Hatchery  
  46  4:33  Zerg Ground Armor Level 1  
  46  4:36  Overlord  
  45  4:40  Glial Reconstitution  
  45  4:44  Roach  
  49  4:45  Roach  
  49  4:49  Roach  
  51  5:02  Drone  
  51  5:03  Drone x7  
  59  5:07  Extractor  
  59  5:08  Spore Crawler, Extractor  
  59  5:12  Spore Crawler  
  55  5:15  Spine Crawler  
  54  5:25  Drone x3  
  54  5:26  Drone  
  58  5:34  Spore Crawler  
  57  5:37  Spine Crawler  
  57  5:40  Spore Crawler  
  55  5:44  Spire  
  55  5:46  Drone x3  
  55  5:47  Drone  
  55  5:48  Drone  
  55  5:49  Drone  
  60  5:53  Queen  
  62  6:03  Drone x4  
  66  6:10  Overlord x3  
  66  6:38  Drone x2  
  66  6:39  Drone x7  
  75  6:43  Extractor x2  
  73  6:47  Spore Crawler  
  73  6:50  Roach x6  
  84  7:07  Drone x2  
  86  7:09  Drone  
  86  7:10  Drone  
  86  7:11  Drone  
  86  7:15  Overlord x3  
  89  7:20  Overlord  
  89  7:21  Zerg Ground Armor Level 2  
  89  7:28  Infestation Pit  
  83  7:56  Mutalisk x10  
  103  7:59  Mutalisk  
  105  8:06  Mutalisk  
  105  8:09  Zergling x14  
  114  8:18  Hive  
  114  8:29  Overlord x2  
  114  8:30  Overlord x4  
  114  8:49  Hatchery  
  114  8:50  Hatchery  
  104  9:00  Zergling x2  
  104  9:01  Zergling x28  
  96  9:08  Drone x3  
  91  9:30  Zergling x2  
  91  9:31  Zergling x18  
  91  9:38  Zerg Melee Weapons Level 1, Roach x2  
  92  9:46  Greater Spire  
  92  9:56  Drone  
  92  9:57  Drone x10  
  77  10:32  Roach  
  77  10:33  Roach x20  
  119  10:41  Roach x2  
  123  10:45  Zergling x6  
  123  10:49  Roach  
  128  10:56  Roach x4  
  136  11:02  Roach x2  
  141  11:04  Zergling x2  
  141  11:08  Roach  
  141  11:09  Roach x6  
  141  11:10  Zergling x2  
  141  11:11  Zergling x4  
  158  11:17  Overlord x4  
  158  11:18  Overlord x2  
  153  11:33  Mutalisk x2  
  153  11:36  Mutalisk x7  
  171  11:43  Corruptor x3  
  177  11:52  Ravager x6  
  177  11:53  Ravager x3  
  183  11:54  Ravager  
  183  11:56  Corruptor x5  
  183  11:57  Corruptor  
  108  12:18  Corruptor x5  
  108  12:19  Corruptor  
  108  12:22  Brood Lord  
  109  12:25  Brood Lord  
  111  12:41  Roach x3  
  111  12:42  Roach x7  
  111  12:43  Roach  
  125  12:44  Zergling x18  
  125  12:45  Zergling x4  
  81  13:13  Brood Lord x2  
Tags
 
Add a new tag
Caveats
  • Supply blocks, unpowered buildings, or Contaminate may cause inaccurate times.
  • Supply counts are checked every 10 seconds.